 Dungeon Crawl Stone Soup version 0.19-a0-650-gab89c2a (webtiles) character file.

506 Arkorax the Poker (level 7, -1/63 HPs)
             Began as a Hill Orc Gladiator on June 15, 2016.
             Was an Initiate of Beogh.
             Slain by Duvessa
             ... wielding a +4 short sword of electrocution
              (13 damage)
             ... on level 4 of the Dungeon.
             The game lasted 00:05:48 (3665 turns).

Arkorax the Poker (Hill Orc Gladiator)              Turns: 3665, Time: 00:05:49

Health: -1/63      AC:  9    Str: 24    XL:     7   Next: 18%
Magic:  7/7        EV: 14    Int: 13    God:    Beogh [......]
Gold:   119        SH:  0    Dex: 12    Spells: 0 memorised, 6 levels left

rFire  . . .     SeeInvis .     a - +0 trident
rCold  . . .     Gourm    .     i - +0 ring mail
rNeg   . . .     Faith    .     (no shield)
rPois  .         Spirit   .     c - +0 helmet
rElec  .         Dismiss  .     (no cloak)
rCorr  .         Reflect  .     v - +0 pair of gloves
SustAt .         Harm     .     y - +0 pair of boots
MR     .....     Rnd*Tele +     (no amulet)
Stlth  +.........               (no ring)
                                (no ring)

@: mighty, brilliant, not resistant to hostile enchantments, very unstealthy
A: repulsion field 1, molten scales 1, teleportitis 1
a: Renounce Religion


You were on level 4 of the Dungeon.
You worshipped Beogh.
Beogh was noncommittal.
You were hungry.

You visited 1 branch of the dungeon, and saw 4 of its levels.

You collected 119 gold pieces.

Inventory:

Hand Weapons
 a - a +0 trident (weapon)
Missiles
 l - 2 throwing nets (quivered)
 w - 6 javelins
Armour
 c - a +0 helmet (worn)
 i - a +0 ring mail (worn)
 v - a +0 pair of gloves (worn)
 y - a +0 pair of boots (worn)
Scrolls
 e - a scroll of random uselessness {unknown}
 h - 2 scrolls of identify {unknown}
 j - 2 scrolls of blinking {unknown}
 k - 2 scrolls of teleportation {unknown}
 m - a scroll of amnesia {unknown}
 p - a scroll of noise {unknown}
 q - 2 scrolls of recharging {unknown}
 r - 3 scrolls of fear {unknown}
 s - a scroll of remove curse {unknown}
 x - a scroll of magic mapping {unknown}
 C - a scroll of immolation {unknown}
 D - a scroll of enchant armour {unknown}
Potions
 u - a potion of curing {unknown}
 A - 2 potions of magic {unknown}
 E - a potion of agility {unknown}
Books
 t - a book of Minor Magic

   Spells                             Type                      Level
   a - Magic Dart                     Conjuration                  1
   b - Blink                          Translocation                2
   c - Call Imp                       Summoning                    2
   d - Repel Missiles                 Charms/Air                   2
   e - Slow                           Hexes                        2
   f - Conjure Flame                  Conjuration/Fire             3
   g - Mephitic Cloud                 Conjuration/Poison/Air       3
Comestibles
 b - a slice of pizza
 f - a bread ration
 o - 2 meat rations
 z - 2 fruits
 B - a beef jerky


   Skills:
 * Level 6.0 Fighting
 * Level 6.0 Polearms
 - Level 1.7 Throwing
 - Level 1.6 Armour
 + Level 3.3 Dodging


You had 6 spell levels left.
You didn't know any spells.

Dungeon Overview and Level Annotations

Branches:
Dungeon (4/15)
 Temple: D:4-7

Altars:
Dithmenos
Fedhas
Kikubaaqudgha
Uskayaw

Annotations:
D:4 Dowan, Duvessa


Innate Abilities, Weirdness & Mutations

You are surrounded by a mild repulsion field. (EV +2)
You are partially covered in molten scales. (AC +1)
You are occasionally teleported next to monsters.


Message History

Dowan hits the withered plant but does no damage.
Duvessa says, "When magic and the sword combine, nothing stands against them."
Duvessa hits you but does no damage.
Press: ? - help, v - describe, . - travel
Here: Duvessa, wielding a short sword of electrocution and wearing a leather armour The floor.
Unknown command.
Duvessa hits you with a short sword of electrocution!
You feel very mighty all of a sudden. Duvessa hits you but does no damage.
You are electrocuted!
It was a potion of brilliance.
You feel clever all of a sudden. Duvessa barely misses you.
It was a potion of beneficial mutation.
You begin to radiate repulsive energy.
You feel fantastic!
Duvessa hits you with a short sword of electrocution!
* * * LOW HITPOINT WARNING * * *
You are electrocuted!
You die...

##... #.######....#.# .P..###
#.........#.# ##### ....#.#.
#.###.....#.####.... P....#.#
#.#<#.#...#........(
#....#.####+#.#)#.##..#.........
##.._.#........#.#e###÷#.........
.#....#........#.#.###'#'####....
hP..†.#........#.#s.......# ###..
PP..#.#...s....#@#........# ###
....###........#e#........#
....P...e......#.#........#
.##...#'####.#.#s#.###...##
$+......# #.#.#.e.# #...########
.##..........#.##### #...........
#..........#.....#####.########
.....................##.### #
##.................oo##...# ##


You could see Duvessa, Dowan and a scorpion.

Vanquished Creatures
  Menkaure (D:4)
  A centaur (D:3)
  Blork the orc (D:4)
  An orc wizard (D:3)
  Ijyb (D:3)
  3 gnolls (D:3)
  3 adders
  3 oozes (D:1)
  4 worms (D:2)
  2 dart slugs
  2 giant geckos (D:3)
  5 orcs
  5 giant cockroaches
  9 goblins
  9 hobgoblins
  7 jackals
  2 quokkas (D:2)
  15 bats
  4 giant newts
  12 kobolds
  6 rats
96 creatures vanquished.

Vanquished Creatures (others)
  A giant frog skeleton (D:4)
  A fungus (D:3)
2 creatures vanquished.

Grand Total: 98 creatures vanquished

Notes
Turn   | Place    | Note
--------------------------------------------------------------
     0 | D:1      | Arkorax the Hill Orc Gladiator began the quest for the Orb.
     0 | D:1      | Reached XP level 1. HP: 18/18 MP: 1/1
   153 | D:1      | Reached XP level 2. HP: 14/25 MP: 2/2
   358 | D:1      | Reached skill level 1 in Armour
   549 | D:1      | Reached XP level 3. HP: 31/31 MP: 3/3
  1254 | D:2      | Reached XP level 4. HP: 30/38 MP: 4/4
  1324 | D:2      | Found a hide-covered altar of Uskayaw.
  1518 | D:2      | Found a shadowy altar of Dithmenos.
  2101 | D:3      | Reached XP level 5. HP: 46/46 MP: 5/5
  2126 | D:3      | Noticed Ijyb
  2127 | D:3      | Gained mutation: Scrolls take you a little longer to read. [potion of mutation]
  2127 | D:3      | Gained mutation: You are occasionally teleported next to monsters. [potion of mutation]
  2128 | D:3      | Gained mutation: Your spells are a little easier to cast, but a little less powerful. [potion of mutation]
  2128 | D:3      | Gained mutation: You are partially covered in molten scales. (AC +1) [potion of mutation]
  2189 | D:3      | Killed Ijyb
  2189 | D:3      | Reached skill level 5 in Polearms
  2208 | D:3      | Lost mutation: Your spells are a little easier to cast, but a little less powerful. [potion of cure mutation]
  2208 | D:3      | Lost mutation: Scrolls take you a little longer to read. [potion of cure mutation]
  2248 | D:3      | Found a blossoming altar of Fedhas.
  2398 | D:3      | Noticed a centaur
  2422 | D:3      | Killed a centaur
  2422 | D:3      | Reached skill level 5 in Fighting
  2422 | D:3      | Reached XP level 6. HP: 16/56 MP: 6/6
  2990 | D:4      | Noticed Menkaure
  3002 | D:4      | Killed Menkaure
  3355 | D:4      | Noticed Blork the orc
  3368 | D:4      | Killed Blork the orc
  3368 | D:4      | Reached XP level 7. HP: 27/62 MP: 7/7
  3552 | D:4      | Became a worshipper of Beogh the Brigand
  3619 | D:4      | Found an ancient bone altar of Kikubaaqudgha.
  3619 | D:4      | Noticed Dowan
  3620 | D:4      | Noticed Duvessa
  3665 | D:4      | Gained mutation: You are surrounded by a mild repulsion field. (EV +2) [potion of beneficial mutation]
  3665 | D:4      | Slain by Duvessa

Vault maps used:
D:1:      minmay_arrival_stone_box
D:2:      eat_drink_and_be_merry_uskayaw, nicolae_dithmenos_shadow_blocks
D:3:      kennysheep_big_flooded_room, fedhas_altar_3, uniq_iyjb
D:4:      kiku_gazebo_garden_becter, grunt_ministairs_8, uniq_menkaure,
          uniq_blork_the_orc, uniq_natasha, uniq_duvessa

Skill      XL: |  1  2  3  4  5  6  7 |
---------------+----------------------+-----
Armour         | 1 |  1.6
Fighting       | 3 4 5 6 |  6.0
Polearms       | 4 5 6 |  6.0
Dodging        | 3 |  3.3
Throwing       | |  1.7

Action                   |  1- 3 |  4- 6 |  7- 9 || total
-------------------------+-------+-------+-------++-------
Melee: Trident           |   109 |   259 |    15 ||   383
Throw: Throwing net      |       |     3 |       ||     3
Invok: Convert to Beogh  |       |       |     1 ||     1
  Use: Potion            |       |     6 |     3 ||     9
  Eat: Bread ration      |     1 |       |       ||     1
       Chunk             |       |     4 |       ||     4
Armor: Ring mail         |    30 |   121 |     6 ||   157
       Leather armour    |     1 |       |       ||     1
Dodge: Dodged            |    51 |   159 |     8 ||   218
